 Dungeon Crawl Stone Soup version 0.30-a0-381-g6ea064c7b4 (webtiles) character file.

Game seed: 16916890098061607008

1050 bande the Chopper (level 8, -16/49 HPs)
             Began as a Gargoyle Fighter on Dec 1, 2022.
             Was an Initiate of Okawaru.
             Demolished by an ogre
             ... wielding a +0 giant spiked club
              (27 damage)
             ... on level 6 of the Dungeon.
             The game lasted 00:07:23 (4940 turns).

bande the Chopper (Gargoyle Fighter)                Turns: 4940, Time: 00:07:23

Health: -16/49     AC: 17    Str: 20    XL:     8   Next: 26%
Magic:  8/8        EV:  7    Int:  9    God:    Okawaru [......]
Gold:   304        SH:  6    Dex: 11    Spells: 7/7 levels left

rFire   + . .      SeeInvis .    a - +1 war axe
rCold   + . .      Faith    +    c - +1 buckler
rNeg    + . .      Spirit   .    f - +0 chain mail
rPois   ∞          Reflect  .    l - +0 helmet
rElec   +          Harm     .    B - scarf {rC+ rF+}
rCorr   .          Rampage  .    (no gloves)
Will    .....                    q - +0 pair of boots
Stlth   ..........               n - amulet of faith
HPRegen 0.28/turn                p - ring of flight
MPRegen 0.11/turn                (no ring)

@: flying
A: sickness immunity, AC +5, negative energy resistance 1, electricity
resistance, torment resistance 1, petrification resistance
a: Renounce Religion


You were on level 6 of the Dungeon.
You worshipped Okawaru.
Okawaru was noncommittal.
You visited 2 branches of the dungeon, and saw 7 of its levels.

You collected 304 gold pieces.

Inventory:

Hand Weapons
 a - a +1 war axe (weapon)
 i - a +0 war axe
 o - a +0 flail
Armour
 c - a +1 buckler (worn)
 f - a +0 chain mail (worn)
 l - a +0 helmet (worn)
 q - a +0 pair of boots (worn)
 t - a +0 cloak
 B - a scarf of resistance (worn)
Jewellery
 n - an amulet of faith (around neck)
 p - a ring of flight (left hand)
 s - a ring of ice
Wands
 m - a wand of acid (3)
 A - a wand of iceblast (4)
Scrolls
 b - 5 scrolls of blinking
 g - 4 scrolls of teleportation
 h - a scroll of identify
 r - a scroll of enchant armour
 x - a scroll of fog
 y - a scroll of enchant weapon
Potions
 d - 2 potions of might
 e - a potion of heal wounds {unknown}
 j - 2 potions of magic
 k - a potion of flight {unknown}
 u - a potion of invisibility {unknown}
 v - a potion of berserk rage {unknown}
 w - a potion of brilliance {unknown}
 z - a potion of haste {unknown}


   Skills:
 + Level 5.0 Fighting
 + Level 5.9 Axes
 + Level 5.1 Armour
 + Level 4.8 Shields
 * Level 0.1 Invocations
 * Level 2.9 Evocations


You had 7 spell levels left.
You didn't know any spells.
Your spell library contained the following spells:

 Spells                   Type           Power      Damage    Failure   Level
 Blade Hands              Tmut           0%         N/A       100%        5
 Irradiate                Conj/Tmut      0%         3d11      100%        5
 Dragon Form              Tmut           0%         N/A       100%        7


Dungeon Overview and Level Annotations

Branches:
Dungeon (6/15)             Temple (1/1) D:5

Altars:
Dithmenos
Makhleb
Okawaru
Ru
Xom
Zin

Shops:
D:3 (*


Innate Abilities, Weirdness & Mutations

You are immune to sickness and miasma.
Your stone body is resilient. (AC +5)
You are immune to poison.
You resist negative energy. (rN+)
You are resistant to electric shocks. (rElec)
You are resistant to unholy torment.
You are immune to petrification.


Message History

You start putting on your armour.
You continue putting on your scarf of resistance. x5
You finish putting on your scarf of resistance.
You feel resistant to extremes of temperature.
g - 4 scrolls of teleportation (gained 1)
Found a stone staircase leading up.
There is a stone staircase leading up here.
An orc comes into view. It is wielding a +0 club.
The orc shouts!
An ogre comes into view. It is wielding a +0 giant spiked club.
Found 9 gold pieces.
The ogre shouts!
The orc hits you with a +0 club.
You closely miss the ogre. You hit the orc but do no damage.
You block the orc's attack. You block the ogre's attack.
You barely miss the ogre. You slash the orc!
You kill the orc!
Okawaru accepts your kill.
The ogre hits you with a +0 giant spiked club!!
You hit the ogre.
The ogre is lightly wounded.
You hit the ogre.
The ogre is lightly wounded.
The ogre hits you but does no damage.
You barely miss the ogre.
The ogre is lightly wounded.
The ogre hits you with a +0 giant spiked club!!
* * * LOW HITPOINT WARNING * * *
You are too injured to fight recklessly!
You are too injured to fight recklessly!
You are too injured to fight recklessly!
You are too injured to fight recklessly!
You are too injured to fight recklessly!
You are too injured to fight recklessly!
Unknown command.
You hit the ogre.
The ogre is moderately wounded.
The ogre hits you with a +0 giant spiked club!!
Ouch! That really hurt!
You die...

..........#
.......... ..
..........
... .........
....
.........
#...
........##..#
......O)#..#
.......@..#
..$.......#
######...##
##..# ##.##
#..# ##.##
##.# #<##


You could see an ogre.

Vanquished Creatures
  2 water moccasins (D:5)
  2 black bears
  An ogre (D:4)
  A phantom (D:5)
  A hound (D:5)
  Crazy Yiuf (D:5)
  2 orc priests
  2 iguanas (D:5)
  Natasha (thrice) (D:2)
  An orc wizard (D:4)
  Robin (D:2)
  3 gnolls (D:2)
  6 adders
  A shadow imp (D:5)
  An ufetubus (D:5)
  4 worms (D:3)
  10 orcs
  2 bats
  4 endoplasms
  4 giant cockroaches
  17 goblins
  11 hobgoblins
  4 jackals
  4 kobolds
  4 quokkas
  6 ball pythons
  4 frilled lizards (D:3)
  8 rats
110 creatures vanquished.

Notes
Turn   | Place    | Note
-------+----------+-------------------------------------------
     0 | D:1      | bande the Gargoyle Fighter began the quest for the Orb.
     0 | D:1      | Reached XP level 1. HP: 14/14 MP: 1/1
   161 | D:1      | Reached XP level 2. HP: 13/19 MP: 2/2
   354 | D:1      | Found a faded altar of an unknown god.
   800 | D:2      | Reached XP level 3. HP: 23/23 MP: 3/3
   817 | D:2      | Noticed Natasha
   827 | D:2      | Killed Natasha
  1059 | D:2      | Reached XP level 4. HP: 28/29 MP: 4/4
  1082 | D:2      | Noticed Robin
  1115 | D:2      | Killed Robin
  1244 | D:2      | Noticed Natasha
  1253 | D:2      | Killed Natasha
  1265 | D:2      | Noticed Natasha
  1273 | D:2      | Killed Natasha
  1274 | D:2      | Reached XP level 5. HP: 26/33 MP: 5/5
  2268 | D:3      | Found Zel Ahy's General Store.
  2308 | D:3      | Found Rauruib's Weapon Shop.
  2384 | D:3      | You are sucked into a shaft and drop 2 floors!
  2384 | D:5      | Entered Level 5 of the Dungeon
  2398 | D:5      | Reached XP level 6. HP: 37/38 MP: 6/6
  2418 | D:4      | Reached skill level 1 in Evocations
  2748 | D:3      | Found a glowing silver altar of Zin.
  2885 | D:3      | Found a sacrificial altar of Ru.
  3522 | D:4      | Noticed a black bear
  3531 | D:4      | Killed a black bear
  3532 | D:4      | Reached XP level 7. HP: 41/44 MP: 7/7
  3815 | D:4      | Reached skill level 5 in Axes
  4351 | D:5      | Reached skill level 5 in Armour
  4370 | D:5      | Reached XP level 8. HP: 29/48 MP: 8/8
  4377 | D:5      | Reached skill level 5 in Fighting
  4537 | D:5      | Found a staircase to the Ecumenical Temple.
  4545 | Temple   | Entered the Ecumenical Temple
  4577 | Temple   | Became a worshipper of Warmaster Okawaru
  4751 | D:5      | Found a runed translucent door.
  4752 | D:5      | Noticed Crazy Yiuf
  4770 | D:5      | Killed Crazy Yiuf
  4940 | D:6      | Demolished by an ogre

Illustrated notes

Levels and vault maps discovered:
D:1:      lemuel_arrival_rhombus, layout_basic,
          hellmonk_ecumenical_altar_crossroads,
          nicolae_concentric_dashed_squares_wild, minmay_misc_feat_columns
D:2:      layout_loops_corners, uniq_natasha, uniq_robin
D:3:      layout_basic, nicolae_ru_great_annihilating_truth, zin_statuary,
          serial_shops, shop, shop
D:4:      minmay_door_path, layout_basic, nicolae_figureground_sparkle
D:5:      layout_basic, minmay_temple_entry_arrows, kennysheep_generic_room_9,
          uniq_crazy_yiuf_cottage
D:6:      layout_cave_pods, chequers_temple_overflow_statue_of_worship,
          nicolae_overflow_hidden_temple
Temple:   hellmonk_temple_flake

Skill      XL: |  1  2  3  4  5  6  7  8 |
---------------+-------------------------+-----
Axes           | 2 3 4 5 |  5.9
Armour         | 4 5 |  5.1
Fighting       | 4 5 |  5.0
Shields        | 4 |  4.8
Evocations     | 1 2 |  2.9
Invocations    | |  0.1

Action                   |  1- 3 |  4- 6 |  7- 9 || total
-------------------------+-------+-------+-------++-------
Melee: War axe           |    85 |   156 |   153 ||   394
  Use: Scroll            |     4 |     7 |     2 ||    13
 Stab: Paralysed         |       |     1 |       ||     1
Armor: Scale mail        |    61 |    57 |       ||   118
       Chain mail        |       |    38 |   120 ||   158
Dodge: Dodged            |    35 |    83 |    63 ||   181
Block: Buckler           |    21 |    37 |    53 ||   111

Table legend: (Time is in decaauts)
 A = Elapsed time spent in this place.
 B = Non-inter-level travel time spent in this place.
 C = Inter-level travel time spent in this place.
 D = Time resting spent in this place.
 E = Time spent auto-exploring this place.
 F = Levels seen in this place.
 G = Mean time per level.
                   A        B        C        D        E       F      G
               +--------+--------+--------+--------+--------+-----+--------+
         Total |   5088 |   4916 |    172 |    335 |   3536 |   7 |  726.9 |
       Dungeon |   5044 |   4872 |    172 |    335 |   3517 |   6 |  840.7 |
        Temple |     43 |     43 |      0 |      0 |     19 |   1 |   43.0 |
               +--------+--------+--------+--------+--------+-----+--------+

Top non-repeatable levels by time:
     D:2: 1504 daAuts
     D:4: 1122 daAuts
     D:3: 829 daAuts
     D:1: 781 daAuts
     D:5: 760 daAuts
     D:6: 47 daAuts
  Temple: 43 daAuts
